AoeStats
← brau_2846

Arabian Desert

509705751Analyzed
1v1 RM · 4d ago on Sep 27, 2026· 47m 27s· 2 players
Game mode
Random Map
Map size
Tiny (2 player)
Population
200
Speed
Normal
Resources
Standard
Victory
Conquest
Starting age
Dark Age
Ending age
Imperial Age
RankedLock teamsTeams togetherTeam positionsShared explorationLock speedFull tech treeHidden civsTurbo modeCheats
Victory
Defeat
🇲🇽 Khmer · Mexico
653
+15
🇲🇽 Britons · Mexico
636
-15
brau_2846
8:24 Loom
10:29 Feudal Age
11:01 Double-Bit Axe
11:08 Gold Mining
10:59 Horse Collar
12:09 Wheelbarrow
11:20 Town Watch
22:31 Fletching
26:01 Castle Age
24:28 Scale Mail Armor
26:37 Crossbowman
30:39 Bodkin Arrow
33:15 Padded Archer Armor
33:31 Scale Barding Armor
35:14 Gold Shaft Mining
35:43 Heavy Plow
35:54 Husbandry
40:09 Chain Barding Armor
40:28 Chain Mail Armor
41:08 Hand Cart
41:42 Leather Archer Armor
48:39 Imperial Age
47:28 Bow Saw
Buffoncito
5:30 Loom
10:44 Feudal Age
11:27 Double-Bit Axe
11:25 Horse Collar
11:40 Gold Mining
12:53 Man-at-Arms
19:38 Stone Mining
22:42 Castle Age
21:48 Wheelbarrow
21:41 Fletching
23:19 Pikeman
23:44 Arson
29:04 Gold Shaft Mining
28:57 Bow Saw
29:46 Bodkin Arrow
29:16 Elite Skirmisher
32:17 Murder Holes
33:36 Stone Shaft Mining
33:27 Hand Cart
36:53 Imperial Age
34:22 Town Watch
35:48 Padded Archer Armor
36:01 Forging
39:12 Iron Casting
38:55 Leather Archer Armor
38:41 Scale Mail Armor
39:10 Conscription
39:32 Hoardings
39:07 Double Crossbow
39:08 Tusk Swords
38:55 Capped Ram
40:01 Town Patrol
41:27 Ballistics
42:08 Chemistry
42:06 Elite Ballista Elephant
44:44 Bracer
45:45 Blast Furnace
47:06 Fortified Wall
46:47 Guard Tower
48:20 Ring Archer Armor
48:06 Chain Mail Armor
47:56 Scale Barding Armor
47:58 Heavy Plow
47:21 Halberdier
Connection lost

Rejoining the realm…

Still unreachable

The connection could not be restored.

Session expired

The server has moved on; the page needs a fresh start.